 Dungeon Crawl Stone Soup version 0.20.0-8-g6b59dc7 (webtiles) character file.

16 MDvedh the Ogre Mage (level 2, 0/24 HPs)
             Began as an Ogre Wizard on May 30, 2017.
             Slain by a hobgoblin (4 damage)
             ... on level 1 of the Dungeon.
             The game lasted 00:02:00 (956 turns).

MDvedh the Ogre Mage (Ogre Wizard)                   Turns: 956, Time: 00:02:01

Health: 0/24       AC:  3    Str: 10    XL:     2   Next: 58%
Magic:  2/7        EV: 10    Int: 19    God:
Gold:   46         SH:  0    Dex:  7    Spells: 8/9 levels left

rFire    . . .     SeeInvis .   g - -3 dagger (curse)
rCold    . . .     Gourm    .   (no shield)
rNeg     . . .     Faith    .   a - +0 robe
rPois    .         Spirit   .   b - +0 hat
rElec    .         Reflect  .   (no cloak)
rCorr    .         Harm     .   (gloves unavailable)
MR       .....                  (boots unavailable)
Stlth    +.........             (no amulet)
Regen    0.1/turn               (no ring)
MPRegen  0.1/turn               (no ring)

@: very slightly contaminated
A: unfitting armour, tough skin 1
a: no special abilities


You were on level 1 of the Dungeon.
You were not hungry.

You visited 1 branch of the dungeon, and saw 1 of its levels.

You collected 46 gold pieces.

Inventory:

Hand Weapons
 g - a cursed -3 dagger (weapon)
Armour
 a - a +0 robe (worn)
 b - a +0 hat (worn)
Scrolls
 e - a scroll of teleportation {unknown}
Potions
 h - a potion of lignification {unknown}
 i - a potion of agility {unknown}
 j - a potion of brilliance {unknown}
Books
 c - a book of Minor Magic

   Spells                             Type                      Level
   a - Magic Dart                     Conjuration                  1
   b - Blink                          Translocation                2
   c - Call Imp                       Summoning                    2
   d - Slow                           Hexes                        2
   e - Conjure Flame                  Conjuration/Fire             3
   f - Mephitic Cloud                 Conjuration/Poison/Air       3
Comestibles
 d - a bread ration
 f - a fruit


   Skills:
 - Level 1.7 Dodging
 - Level 1.4 Stealth
 + Level 4.1 Spellcasting
 + Level 1.6 Conjurations
   Level 0.8 Summonings
   Level 0.8 Translocations


You had 8 spell levels left.
You knew the following spells:

 Your Spells              Type           Power        Failure   Level  Hunger
a - Magic Dart            Conj           ##..         7%          1    None


Dungeon Overview and Level Annotations

Branches:
Dungeon (1/15)

Altars:


Innate Abilities, Weirdness & Mutations

You are too large for most types of armour.
You have tough skin. (AC +1)


Message History

A bat comes into view.
The bat hits you but does no damage. The bat hits you. The hobgoblin hits you.
The bat hits you but does no damage. x2
The bat hits you but does no damage. x2
You closely miss the hobgoblin. The bat hits you.
The bat hits you but does no damage. The hobgoblin hits you.
* * * LOW HITPOINT WARNING * * *
You hit the hobgoblin but do no damage. The bat hits you.
* * * LOW HITPOINT WARNING * * *
The bat barely misses you. The bat hits you.
* * * LOW HITPOINT WARNING * * *
The hobgoblin completely misses you.
You hit the hobgoblin but do no damage. The bat hits you but does no damage.
The bat closely misses you. x2; The hobgoblin barely misses you.
You hit the hobgoblin but do no damage. The bat closely misses you. x2
The bat barely misses you.
The hobgoblin hits you but does no damage.
You closely miss the hobgoblin. The bat hits you but does no damage. x2
The bat barely misses you. The hobgoblin hits you.
You die...

## .. #.. ####..
..... #.b########
####...@b....#
.......g.....#
#####........#
#........#
###.#.#.######
........# ###...#.#
......#)############
###.....##.........#


You could see a hobgoblin and 2 bats.

Vanquished Creatures
  A dart slug (D:1)
  2 bats (D:1)
  A giant cockroach (D:1)
  3 goblins (D:1)
  2 hobgoblins (D:1)
  4 kobolds (D:1)
13 creatures vanquished.

Notes
Turn   | Place    | Note
-------+----------+-------------------------------------------
     0 | D:1      | MDvedh the Ogre Wizard began the quest for the Orb.
     0 | D:1      | Reached XP level 1. HP: 16/16 MP: 5/5
     2 | D:1      | Reached skill level 1 in Conjurations
   254 | D:1      | Reached XP level 2. HP: 17/24 MP: 3/6
   291 | D:1      | Reached skill level 4 in Spellcasting
   956 | D:1      | Slain by a hobgoblin

Skill      XL: |  1  2 |
---------------+-------+-----
Conjurations   | 1 |  1.6
Spellcasting   | 4 |  4.1
Dodging        | |  1.7
Stealth        | |  1.4
Summonings     | |  0.8
Translocations | |  0.8

Action                   || total
-------------------------++-------
Melee: Dagger            ||    58
       Unarmed           ||     2
 Cast: Magic Dart        ||    36
Armor: Robe              ||    31
Dodge: Dodged            ||    47
